Map: Muro dorado EE

Players

thejoker - Winner!

  • Race: Terran Terran
  • Spawn Location: 7:00

MrFercho

  • Race: Zerg Zerg
  • League: Silver
  • Spawn Location: 5:00

VOD

Have the link to the VOD?

Description

Time

  • Played on: May 18, 2020, 8:13 p.m.
  • Length: 25:03
Show
View Real Time Build Order
Export as new Build Order

thejoker Terran - Winner!

Build Orders:  

Get SALT Encoding   

  12  0:02  SCV  
  13  0:14  SCV  
  14  0:27  SCV  
  15  0:45  Supply Depot  
  15  1:01  Supply Depot  
  15  1:07  SCV  
  16  1:19  SCV  
  16  1:22  Barracks  
  17  1:31  SCV  
  18  1:43  SCV  
  19  1:47  Refinery  
  19  1:55  Refinery, SCV  
  20  2:07  SCV  
  21  2:10  Barracks  
  21  2:11  Marine  
  21  2:12  Supply Depot  
  22  2:19  SCV  
  23  2:29  Marine  
  24  2:31  SCV  
  25  2:44  SCV  
  26  2:47  Marine  
  27  2:56  SCV  
  28  3:05  Marine  
  29  3:07  Bunker  
  29  3:08  SCV  
  30  3:21  Marine  
  30  3:22  Factory  
  30  3:23  Marine  
  32  3:28  Supply Depot  
  32  3:39  Marine, Engineering Bay, SCV  
  32  3:40  Marine  
  34  3:50  Supply Depot  
  34  3:51  SCV  
  35  3:57  Marine  
  35  3:58  Bunker, Marine  
  37  4:03  SCV  
  38  4:15  Marine, SCV  
  38  4:16  Marine  
  41  4:19  Factory  
  41  4:27  Supply Depot, SCV  
  41  4:28  Missile Turret  
  42  4:32  Factory Tech Lab  
  42  4:33  Marine  
  42  4:34  Marine  
  44  4:50  Marine  
  44  4:51  Supply Depot, Missile Turret  
  44  4:52  Marine  
  45  5:08  Marine  
  45  5:09  Marine  
  46  5:22  Command Center  
  46  5:26  Marine  
  46  5:27  Marine  
  48  5:31  Factory Tech Lab  
  48  5:39  Supply Depot  
  48  5:44  Marine  
  48  5:45  Marine  
  50  6:01  Supply Depot  
  50  6:02  Marine  
  51  6:07  Siege Tank x2  
  57  6:19  SCV  
  58  6:33  SCV  
  58  6:35  SCV  
  60  6:45  SCV  
  61  6:48  SCV  
  62  6:58  SCV  
  62  7:00  SCV  
  64  7:10  SCV  
  64  7:11  Supply Depot  
  64  7:12  SCV  
  66  7:22  SCV  
  67  7:24  SCV  
  67  7:26  Siege Tank  
  67  7:27  Siege Tank  
  74  7:34  Refinery, SCV, Missile Turret  
  74  7:36  SCV  
  76  7:45  Reaper x2  
  76  7:46  SCV  
  76  7:48  SCV  
  80  7:56  Missile Turret  
  80  7:58  Siege Tank  
  83  7:59  Siege Tank  
  83  8:00  SCV  
  87  8:17  Reaper x2  
  87  8:19  Missile Turret  
  89  8:23  Refinery  
  89  8:30  Siege Tank  
  89  8:32  Missile Turret  
  92  8:42  Orbital Command  
  92  8:49  Reaper  
  92  8:50  Reaper  
  92  8:52  Missile Turret  
  92  8:54  Supply Depot  
  94  9:01  Armory  
  94  9:10  Missile Turret  
  94  9:16  Supply Depot  
  93  9:21  Reaper  
  93  9:22  Reaper  
  92  9:47  Starport  
  92  9:50  Sensor Tower, Armory  
  92  10:05  Starport  
  95  10:15  Missile Turret  
  89  10:27  Cyclone x2  
  83  10:42  SCV  
  84  10:54  SCV  
  84  10:56  SCV  
  86  10:57  Starport Tech Lab  
  86  10:59  Cyclone x2  
  86  11:02  Starport  
  92  11:06  SCV  
  92  11:07  Starport  
  92  11:08  SCV  
  94  11:18  SCV  
  92  11:30  SCV  
  92  11:31  Cyclone x2  
  90  11:36  SCV  
  85  11:42  SCV  
  86  11:48  SCV  
  86  11:50  Starport Tech Lab  
  86  11:52  Starport Tech Lab  
  86  11:53  Starport Tech Lab  
  84  11:54  SCV  
  84  12:00  SCV  
  83  12:03  Cyclone x2  
  83  12:05  Starport  
  83  12:06  SCV  
  88  12:13  SCV  
  89  12:18  Fusion Core, SCV  
  90  12:25  SCV  
  90  12:26  Supply Depot, Marine x2  
  93  12:35  Cyclone x2  
  99  12:37  SCV  
  100  12:44  Marine x2  
  100  12:48  Supply Depot  
  100  12:49  SCV  
  103  12:59  Starport  
  103  13:01  SCV  
  103  13:02  Marine x2  
  106  13:07  Cyclone x2  
  112  13:13  SCV  
  112  13:14  Weapon Refit  
  112  13:19  Marine  
  113  13:20  Marine  
  113  13:26  SCV  
  114  13:38  SCV  
  114  13:39  Cyclone  
  105  13:50  SCV  
  96  14:02  SCV  
  97  14:03  Cyclone  
  88  14:11  Cyclone  
  88  14:14  SCV  
  89  14:26  SCV  
  90  14:35  Cyclone  
  94  14:38  SCV  
  94  14:44  Cyclone  
  97  14:54  SCV  
  98  15:00  Supply Depot  
  98  15:06  SCV  
  99  15:08  Cyclone  
  102  15:16  Cyclone  
  102  15:18  SCV  
  102  15:19  Starport Tech Lab  
  106  15:48  Cyclone x2  
  112  15:56  Terran Ship Weapons Level 1  
  112  16:07  Supply Depot  
  112  16:20  Cyclone x2  
  118  16:32  Supply Depot  
  111  16:48  Starport Tech Lab  
  111  16:52  Cyclone x2  
  117  16:55  Starport  
  117  17:11  Starport  
  117  17:18  Refinery  
  117  17:19  Refinery  
  117  17:22  Command Center  
  117  17:26  Missile Turret  
  117  17:27  Missile Turret  
  110  17:54  Supply Depot  
  110  17:58  Thor  
  110  18:05  Starport Tech Lab x3  
  116  18:07  Starport Tech Lab  
  116  18:15  SCV  
  117  18:27  SCV  
  117  18:28  Supply Depot  
  118  18:39  SCV  
  119  18:42  SCV  
  120  18:51  SCV  
  120  18:54  SCV  
  120  18:55  Supply Depot  
  122  19:06  SCV  
  123  19:20  Command Center  
  123  19:27  SCV  
  117  19:39  SCV  
  116  19:51  SCV  
  116  20:03  SCV  
  114  20:15  SCV  
  115  20:27  Battlecruiser x2  
  115  20:28  Battlecruiser  
  133  20:37  SCV  
  133  20:38  SCV  
  132  20:49  SCV  
  133  20:50  SCV  
  133  20:56  Battlecruiser  
  140  21:01  SCV  
  140  21:03  SCV  
  142  21:06  Missile Turret, Terran Ship Weapons Level 2  
  142  21:14  SCV  
  142  21:15  SCV  
  143  21:26  SCV  
  143  21:27  SCV  
  136  21:54  Battlecruiser x3  
  154  21:55  Battlecruiser  
  154  22:01  Starport  
  160  22:07  Cloaking Field  
  160  22:49  Battlecruiser x3  
  178  23:03  Command Center  
  178  23:06  Refinery  
  178  23:07  Refinery  
  178  23:27  Missile Turret  
  178  23:38  Battlecruiser  
  184  23:46  Missile Turret  
  184  24:02  Starport  
  184  24:04  Starport Tech Lab  
Show
View Real Time Build Order
Export as new Build Order

MrFercho Zerg 

Build Orders: Pool First 

Get SALT Encoding   

  12  0:01  Drone  
  13  0:13  Overlord  
  13  0:18  Drone  
  14  0:22  Extractor  
  14  0:23  Drone  
  14  0:34  Drone  
  15  0:47  Extractor  
  15  0:48  Drone x2  
  16  1:02  Spawning Pool, Drone  
  16  1:10  Drone  
  17  1:18  Drone  
  18  1:31  Drone  
  19  1:39  Drone  
  20  1:48  Metabolic Boost  
  20  1:50  Queen  
  22  1:55  Overlord  
  22  2:02  Roach Warren  
  21  2:13  Drone  
  22  2:25  Spine Crawler  
  21  2:31  Zergling x4  
  23  2:43  Evolution Chamber  
  22  2:44  Lair  
  22  2:46  Drone x2  
  24  3:05  Roach  
  26  3:06  Roach x2  
  26  3:10  Overlord  
  28  3:59  Hatchery  
  27  4:07  Zergling x2  
  27  4:08  Zergling x8  
  32  4:11  Glial Reconstitution  
  32  4:15  Zerg Melee Weapons Level 1  
  32  4:21  Drone  
  33  4:35  Hatchery  
  21  5:23  Zergling x10  
  26  5:37  Spire  
  26  5:38  Overseer  
  26  5:42  Queen  
  25  5:44  Drone x3  
  25  6:15  Zerg Ground Armor Level 1  
  25  6:23  Drone  
  25  6:24  Drone x2  
  28  6:33  Extractor  
  28  6:38  Drone x5  
  32  6:43  Roach x2  
  32  6:44  Roach x4  
  44  7:06  Extractor  
  45  7:15  Drone x5  
  48  7:27  Mutalisk  
  50  7:30  Overlord  
  50  7:51  Drone x3  
  50  7:52  Drone x2  
  55  8:04  Mutalisk  
  57  8:08  Overlord  
  57  8:32  Mutalisk  
  57  8:33  Mutalisk x3  
  65  8:46  Overlord  
  65  9:11  Mutalisk x3  
  71  9:36  Zergling x2  
  71  9:37  Zergling x4  
  74  9:49  Overlord x2  
  74  9:50  Overlord x3  
  74  10:09  Hatchery  
  59  10:51  Mutalisk x3  
  65  10:59  Overlord x3  
  47  12:01  Mutalisk  
  47  12:02  Mutalisk x5  
  55  12:16  Mutalisk  
  55  12:17  Mutalisk x4  
  65  12:26  Drone x2  
  65  12:27  Drone  
  68  12:42  Mutalisk x6  
  80  12:52  Mutalisk x5  
  90  13:07  Zerg Flyer Weapons Level 1  
  90  13:11  Zerg Ground Armor Level 2  
  90  13:17  Mutalisk  
  48  14:31  Mutalisk x3  
  54  14:40  Mutalisk  
  54  14:41  Mutalisk x6  
  68  14:51  Queen  
  70  14:55  Zergling x6  
  73  15:01  Zerg Flyer Armor Level 1  
  73  15:03  Roach  
  73  15:04  Roach x4  
  83  15:13  Hatchery  
  82  15:22  Zergling x2  
  82  15:23  Zergling x20  
  93  15:40  Extractor  
  93  15:41  Extractor  
  91  15:53  Zerg Melee Weapons Level 2  
  91  16:07  Roach  
  91  16:08  Roach x2  
  53  16:47  Mutalisk x6  
  65  16:57  Zergling x2  
  65  16:58  Zergling x22  
  77  17:13  Drone x3  
  60  17:55  Baneling Nest  
  59  18:01  Mutalisk x6  
  71  18:39  Mutalisk  
  71  18:40  Mutalisk x5  
  83  18:49  Mutalisk x3  
  89  18:57  Zergling x12  
  95  19:08  Zerg Missile Weapons Level 1  
  44  20:29  Roach  
  44  20:30  Roach x11  
  59  20:44  Mutalisk  
  59  20:45  Mutalisk x2  
  39  21:38  Roach x6  
  51  21:51  Hatchery  
  50  21:54  Hatchery  
  50  21:57  Hatchery  
  48  22:28  Mutalisk x5  
  58  22:45  Roach x6  
  70  23:15  Roach  
  70  23:16  Roach x4  
  70  23:17  Roach  
  82  23:53  Mutalisk  
  82  23:54  Mutalisk x5  
  94  24:00  Zergling x16  
  94  24:01  Zergling x12  
  108  24:06  Zergling x2  
  108  24:07  Zergling x8  
Tags
 
League
Silver
Matchup
TvZ
Opening
Pool First
Replay Pack
MrFercho
Spawn Locations
Close Positions
Add a new tag
Caveats
  • Supply blocks, unpowered buildings, or Contaminate may cause inaccurate times.
  • Supply counts are checked every 10 seconds.